 Dungeon Crawl Stone Soup version 0.18.1-48-g4cf74bf (webtiles) character file.

2487 tyranidshit the Fighter (level 9, 0/94 HPs)
             Began as a Deep Dwarf Necromancer on July 22, 2016.
             Was a Believer of Makhleb.
             Slain by a wight
             ... wielding a +0 battleaxe
              (2 damage)
             ... on level 8 of the Dungeon.
             The game lasted 00:24:10 (5625 turns).

tyranidshit the Fighter (Deep Dwarf Necromancer)    Turns: 5625, Time: 00:24:11

Health: 0/94       AC: 17    Str: 15    XL:     9   Next: 27%
Magic:  8/8        EV:  2    Int: 16    God:    Makhleb [**....]
Gold:   207        SH:  7    Dex: 13    Spells: 1 memorised, 10 levels left

rFire  . . .     SeeInvis .     l - +3 broad axe
rCold  + + .     Gourm    .     m - +0 plate armour
rNeg   . . .     Faith    .     D - +0 shield
rPois  .         Spirit   .     g - +1 helmet
rElec  .         Dismiss  .     o - +0 cloak
rCorr  .         Reflect  .     z - +0 pair of gloves
SustAt .         Harm     .     C - +2 pair of boots
MR     +....     Rnd*Rage +     y - amulet of rage
Stlth  ..........               (no ring)
                                h - ring of protection from cold

@: non-regenerating, heavily drained, somewhat resistant to hostile
enchantments, extremely unstealthy
A: damage resistance, recharge devices, berserk 1, blink, cold resistance 1,
sense surroundings 2, slow regeneration 3
a: Device Recharging, Blink, Minor Destruction, Renounce Religion, Evoke Berserk
Rage


You were on level 8 of the Dungeon.
You worshipped Makhleb.
Makhleb was pleased with you.
You were not hungry.

You visited 1 branch of the dungeon, and saw 8 of its levels.

You collected 417 gold pieces.
You spent 210 gold pieces at shops.

Inventory:

Hand Weapons
 l - a +3 broad axe (weapon)
 w - a +1 vampiric spear
Missiles
 k - 30 poisoned needles
Armour
 g - a +1 helmet (worn)
 m - a +0 plate armour (worn)
 o - a +0 cloak (worn)
 z - a +0 pair of gloves (worn)
 C - a +2 pair of boots (worn)
 D - a +0 shield (worn)
Jewellery
 h - a ring of protection from cold (left hand)
 y - an amulet of rage (around neck)
 A - an uncursed amulet of faith
Wands
 c - a wand of heal wounds (0/9)
 d - a wand of flame (7/48)
 j - a wand of flame (25/48)
 q - a wand of digging (10/24)
Scrolls
 f - 3 scrolls of remove curse
 i - 8 scrolls of identify
Potions
 a - 4 potions of might
 e - 2 potions of flight
 n - 6 potions of curing
 v - a potion of agility
Books
 b - a book of Necromancy

   Spells                             Type                      Level
   a - Pain                           Necromancy                   1
   b - Animate Skeleton               Necromancy                   1
   c - Vampiric Draining              Necromancy                   3
   d - Regeneration                   Charms/Necromancy            3
   e - Animate Dead                   Necromancy                   4
   f - Control Undead                 Necromancy                   4
 r - a book of Unlife

   Spells                             Type                      Level
   a - Recall                         Summoning/Translocation      3
   b - Animate Dead                   Necromancy                   4
   c - Control Undead                 Necromancy                   4
   d - Cigotuvi's Embrace             Necromancy                   5
   e - Death Channel                  Necromancy                   6
   f - Simulacrum                     Ice/Necromancy               6
 s - a book of Battle

   Spells                             Type                      Level
   a - Infusion                       Charms                       1
   b - Shroud of Golubria             Charms/Translocation         2
   c - Song of Slaying                Charms                       2
   d - Spectral Weapon                Hexes/Charms                 3
   e - Regeneration                   Charms/Necromancy            3
 B - a book of Ice

   Spells                             Type                      Level
   a - Ice Form                       Ice/Transmutation            4
   b - Metabolic Englaciation         Hexes/Ice                    5
   c - Ozocubu's Refrigeration        Ice                          6
   d - Bolt of Cold                   Conjuration/Ice              6
   e - Freezing Cloud                 Conjuration/Ice/Air          6
   f - Simulacrum                     Ice/Necromancy               6
Comestibles
 p - a bread ration
 t - a slice of pizza
 x - 3 meat rations
 E - a beef jerky
 G - a royal jelly


   Skills:
 - Level 10.3(8.6) Fighting
 + Level 2.4(1.0) Axes
 + Level 2.5(1.2) Armour
 + Level 3.8(2.4) Dodging
 - Level 2.4(1.0) Stealth
 + Level 2.4(1.0) Shields
 - Level 1.7(0.4) Spellcasting
 - Level 4.3(2.9) Necromancy


You had 10 spell levels left.
You knew the following spells:

 Your Spells              Type           Power        Failure   Level  Hunger
a - Pain                  Necr           #...         100%        1    ##.....


Dungeon Overview and Level Annotations

Branches:
Dungeon (8/15)             Temple (0/1) D:6
   Lair: D:8-11

Altars:
Ashenzari
Kikubaaqudgha
Makhleb
Nemelex Xobeh
Okawaru
Qazlal
Trog
Vehumet
Xom
Zin

Shops:
D:4 [   D:5 *   D:8 *!::

Annotations:
D:4 exclusion: statue
D:6 Menkaure


Innate Abilities, Weirdness & Mutations

You are resistant to damage.
You can recharge devices by infusing magical energy.
You passively map the area around you.
You do not regenerate naturally.
You tend to lose your temper in combat.
You can translocate small distances at will.
Your flesh is cold resistant.


Message History

The wight hits you with a battleaxe.
* * * LOW HITPOINT WARNING * * *
The wight hits you but does no damage.
The wight hits you with an enchanted great sword!
* * * LOW HITPOINT WARNING * * *
You closely miss the wight.
The wight is severely damaged.
You closely miss the wight.
The wight is heavily damaged.
Your shield and plate armour prevent you from hitting the wight.
The wight is heavily damaged.
Your shield and plate armour prevent you from hitting the wight.
The wight is severely damaged.
Your shield and plate armour prevent you from hitting the wight.
The wight is moderately damaged.
The wight hits you but does no damage.
The wight hits you with an enchanted battleaxe.
* * * LOW HITPOINT WARNING * * *
You feel drained. The wight hits you with a battleaxe.
You die...

#......<...........
#...#####.....#....
#...#,..#.....#...(
#...#...#.....#....
##...#...#.....#....
#........+.....#....
#........#.....#....
#...z.####.....#....
#.z@z.# ####+#....
#..zz..............#
#...................
#................$..
####................
................
................
................ ,,
, ......#...


You could see 5 wights.

Vanquished Creatures
  Maurice (D:8)
  A water moccasin (D:8)
  An ice beast (D:5)
  3 ogres
  2 centaurs (D:6)
  3 giant frogs
  2 scorpions
  5 wights (D:7)
  4 crimson imps
  3 howler monkeys
  A giant frog zombie (D:6)
  A gnoll shaman (D:7)
  2 hounds (D:6)
  2 jellies
  Ijyb (D:3)
  A centaur skeleton (D:7)
  2 iguanas
  3 hell rats (D:6)
  Terence (D:3)
  2 worker ants
  A hound skeleton (D:4)
  A howler monkey zombie (D:7)
  10 gnolls
  A howler monkey skeleton (D:7)
  9 adders
  2 river rats (D:6)
  2 shadow imps
  An ooze (D:2)
  An adder zombie (D:7)
  A worm (D:2)
  2 dart slugs (D:3)
  4 giant geckos
  11 orcs
  4 giant cockroaches
  6 goblins
  4 hobgoblins
  4 jackals (D:3)
  8 kobolds
  2 quokkas
  3 ball pythons
  6 bats
  A giant gecko skeleton (D:4)
  5 giant newts
  A quokka skeleton (D:4)
  A quokka zombie (D:5)
  31 rats
163 creatures vanquished.

Notes
Turn   | Place    | Note
--------------------------------------------------------------
     0 | D:1      | tyranidshit the Deep Dwarf Necromancer began the quest for the Orb.
     0 | D:1      | Reached XP level 1. HP: 15/15 MP: 3/3
     2 | D:1      | Noticed a spriggan
     2 | D:1      | Noticed a vine stalker
     4 | D:1      | Noticed a naga
     4 | D:1      | Noticed a troll
     6 | D:1      | Noticed a ghoul
     6 | D:1      | Noticed a demonspawn
     8 | D:1      | Noticed an ogre
     8 | D:1      | Noticed an elf
    10 | D:1      | Noticed a dwarf
    12 | D:1      | Noticed a felid
    12 | D:1      | Noticed a formicid
    14 | D:1      | Noticed an octopode
    16 | D:1      | Noticed a human
    16 | D:1      | Noticed a merfolk
    18 | D:1      | Noticed a demigod
    20 | D:1      | Noticed a vampire
    20 | D:1      | Noticed a minotaur
    22 | D:1      | Noticed a draconian
    22 | D:1      | Noticed a tengu
    24 | D:1      | Noticed a centaur
    26 | D:1      | Noticed a gargoyle
    26 | D:1      | Noticed a halfling
   121 | D:1      | Reached skill level 1 in Fighting
   149 | D:1      | Reached XP level 2. HP: 21/25 MP: 4/4
   720 | D:2      | Reached skill level 2 in Fighting
   797 | D:2      | Reached XP level 3. HP: 32/33 MP: 5/5
   892 | D:2      | Reached skill level 3 in Fighting
   900 | D:2      | Reached XP level 4. HP: 15/42 MP: 6/6
  1229 | D:3      | Reached skill level 4 in Fighting
  1299 | D:3      | Noticed Terence
  1317 | D:3      | Killed Terence
  1317 | D:3      | Reached XP level 5. HP: 33/50 MP: 7/7
  1383 | D:3      | Noticed Ijyb
  1396 | D:3      | Killed Ijyb
  1733 | D:3      | Found a stormy altar of Qazlal.
  1735 | D:3      | Found a shattered altar of Ashenzari.
  1776 | D:3      | Found an iron altar of Okawaru.
  1778 | D:3      | Found a glowing silver altar of Zin.
  2056 | D:4      | Reached skill level 5 in Fighting
  2056 | D:4      | Reached XP level 6. HP: 17/61 MP: 8/8
  2122 | D:4      | Found a burning altar of Makhleb.
  2129 | D:4      | Became a worshipper of Makhleb the Destroyer
  2213 | D:4      | Found Leps's Armour Boutique.
  2229 | D:4      | Reached skill level 6 in Fighting
  2369 | D:4      | Found a radiant altar of Vehumet.
  2466 | D:4      | Got a transparent leather armour
  2486 | D:4      | Identified the +2 leather armour of Ibired {rElec SInv} (You found it on level 4 of the Dungeon)
  2536 | D:5      | Entered Level 5 of the Dungeon
  2546 | D:5      | Found Efaaxeis's Eclectic Emporium.
  2633 | D:5      | Reached XP level 7. HP: 32/70 MP: 8/8
  2909 | D:5      | Reached skill level 7 in Fighting
  3096 | D:5      | Reached skill level 8 in Fighting
  3105 | D:5      | Found a sparkling altar of Nemelex Xobeh.
  3377 | D:6      | Reached * piety under Makhleb
  3596 | D:4      | Bought a +2 pair of boots for 165 gold pieces
  3596 | D:4      | Bought a +0 shield for 45 gold pieces
  3874 | D:6      | Reached XP level 8. HP: 20/82 MP: 9/9
  3912 | D:6      | HP: 3/82 [hell rat (4)]
  4061 | D:6      | HP: 2/84 [ogre/giant spiked club (17)]
  4062 | D:6      | Reached skill level 9 in Fighting
  4442 | D:6      | Noticed Menkaure
  4502 | D:7      | Found a shimmering altar of Xom.
  4669 | D:7      | Reached skill level 10 in Fighting
  4727 | D:7      | Reached ** piety under Makhleb
  5171 | D:7      | Gained mutation: You can translocate small distances at will. [potion of mutation]
  5171 | D:7      | Gained mutation: You tend to lose your temper in combat. [potion of mutation]
  5171 | D:7      | Gained mutation: Your flesh is cold resistant. [potion of mutation]
  5188 | D:8      | Found Joyr Tetz's Book Boutique.
  5207 | D:8      | Noticed Maurice
  5220 | D:8      | Reached skill level 1 in Armour
  5220 | D:8      | Reached skill level 1 in Shields
  5220 | D:8      | Gained mutation: You passively map the area around you. [Deep Dwarf growth]
  5220 | D:8      | Reached XP level 9. HP: 35/94 MP: 8/8
  5319 | D:8      | Found Pero Qed's Distillery.
  5397 | D:8      | Reached skill level 1 in Axes
  5442 | D:8      | Found a bloodstained altar of Trog.
  5459 | D:8      | Killed Maurice
  5490 | D:8      | Found Ynurghapp's Book Shoppe.
  5500 | D:8      | Found an ancient bone altar of Kikubaaqudgha.
  5596 | D:8      | Found Goesunolo's Assorted Antiques.
  5624 | D:8      | HP: 3/94 [wight/enchanted great sword (3)]
  5625 | D:8      | Slain by a wight

Skill      XL: |  1  2  3  4  5  6  7  8  9 |
---------------+----------------------------+-----
Fighting       | 1 2 3 4 5 6 8 10 | 10.3
Armour         | 1 2 |  2.5
Shields        | 1 2 |  2.4
Axes           | 2 |  2.4
Dodging        | 3 |  3.8
Stealth        | |  2.4
Spellcasting   | |  1.7
Necromancy     | |  4.3

Action                   |  1- 3 |  4- 6 |  7- 9 || total
-------------------------+-------+-------+-------++-------
Melee: Hand axe          |    20 |       |       ||    20
       Mace              |    69 |   149 |       ||   218
       War axe           |       |    68 |       ||    68
       Broad axe         |       |    29 |   344 ||   373
 Abil: Device Recharging |       |     1 |     2 ||     3
Evoke: Wand              |     4 |     5 |    18 ||    27
  Use: Scroll            |     4 |     3 |     9 ||    16
       Potion            |     1 |     3 |     5 ||     9
 Stab: Sleeping          |     2 |       |       ||     2
  Eat: Bread ration      |       |     1 |     2 ||     3
       Beef jerky        |       |     1 |     1 ||     2
       Pizza             |       |       |     2 ||     2
Armor: Robe              |     2 |       |       ||     2
       Plate armour      |    68 |   289 |   506 ||   863
Dodge: Dodged            |    47 |    61 |    46 ||   154
Block: Shield            |       |       |   153 ||   153
